 Dungeon Crawl Stone Soup version 0.31-a0-7-g51783674b7 (webtiles) character file.

Game seed: 2936787153012380499

25132 domi the Jinx (level 12, -17/68 HPs)
             Began as a Vampire Enchanter on May 5, 2023.
             Was a High Priest of Wu Jian.
             Demolished by a +7 long sword (23 damage)
             ... on level 13 of the Dungeon.
             The game lasted 00:45:45 (15121 turns).

domi the Jinx (Vampire Enchanter)                  Turns: 15121, Time: 00:45:45

Health: -17/68     AC: 14    Str:  7    XL:     12   Next: 86%
Magic:  16/19      EV: 14    Int: 22    God:    Wu Jian [*****.]
Gold:   917        SH:  5    Dex: 15    Spells: 3/21 levels left

rFire   . . .        k - +6 short sword (vamp)
rCold   + + .        a - +0 buckler
rNeg    + + +        G - +3 acid dragon scales
rPois   ∞            p - +1 helmet
rElec   .            h - +0 cloak
rCorr   +            (no gloves)
SInv    +            (no boots)
Will    +....        n - amulet of magic regeneration
Stlth   ++++++       o - ring of resist corrosion
HPRegen 0.00/turn    (no ring)
MPRegen 0.56/turn

%: no passive effects
@: about to teleport, bloodless, inhibited regen
A: bloodless, fangs 3, see invisible, vampiric 2
a: Bat Form, Revivify, Renounce Religion, Wall Jump, Serpent's Lash, Heavenly
Storm


You were on level 13 of the Dungeon.
You worshipped Wu Jian.
Wu Jian was extremely pleased with you.
You visited 2 branches of the dungeon, and saw 14 of its levels.
You also visited: Bailey.

You collected 917 gold pieces.

Inventory:

Hand Weapons
 k - a +6 vampiric short sword (weapon)
   (You took it off a kobold on level 1 of the Dungeon)
Missiles
 P - 3 throwing nets {=f, !d=f}
Armour
 a - a +0 buckler (worn)
   (You found it on level 3 of the Dungeon)
 b - a +0 robe
 h - a +0 cloak (worn)
   (You found it on level 1 of the Dungeon)
 p - a +1 helmet (worn)
   (You found it on level 4 of the Dungeon)
 z - the +3 pair of seven-league boots {Rampage+∞}
   (You acquired it on level 10 of the Dungeon)

   Rampage+∞: When moving toward enemies, its wearer moves as far as possible.
 G - +3 acid dragon scales (worn)
   (You found it on level 7 of the Dungeon)
 M - the +4 scale mail "Qejuesm" {rC- Regen+ Int+5}
   (You found it on level 9 of the Dungeon)

   Int:       It affects your intelligence (+5).
   rC:        It makes you vulnerable to cold.
   Regen:     It increases your rate of health regeneration.
Magical Staves
 x - a staff of air {rElec}
   (You found it on level 4 of the Dungeon)
 A - a staff of fire {rF+}
   (You found it on level 6 of the Dungeon)
Jewellery
 n - an amulet of magic regeneration (around neck)
   (You found it on level 2 of the Dungeon)
 o - a ring of resist corrosion (left hand)
   (You found it on level 2 of the Dungeon)
 v - a ring of ice {rC+, rF-}
   (You found it on level 5 of the Dungeon)
Wands
 I - a wand of paralysis (25)
   (You found it on level 8 of the Dungeon)
 K - a wand of mindburst (16)
   (You found it on level 8 of the Dungeon)
Scrolls
 f - 2 scrolls of amnesia
 m - 3 scrolls of noise {!r}
 u - 17 scrolls of identify {@r1}
 F - 2 scrolls of fear
 N - 2 scrolls of teleportation {@r4}
 O - a scroll of fog
Potions
 c - 2 potions of invisibility
 d - a potion of curing {@q1}
 e - 11 potions of heal wounds {unknown}
 g - 4 potions of brilliance {unknown}
 i - 6 potions of mutation {unknown}
 j - 3 potions of haste {unknown}
 l - 6 potions of degeneration {unknown}
 q - 5 potions of attraction {!q}
 r - 6 potions of flight {unknown}
 s - 3 potions of might {unknown}
 t - 6 potions of berserk rage {unknown}
 w - a potion of lignification {unknown}
 C - a potion of cancellation {unknown}
 J - 3 potions of magic {unknown}
Miscellaneous
 y - a piece from Xom's chessboard (15/15)
   (You found it on level 5 of the Dungeon)
 H - a phial of floods (inert)
   (You found it on level 10 of the Dungeon)


   Skills:
 + Level 4.8 Fighting
 - Level 8.0 Short Blades
 - Level 8.0 Armour
 - Level 10.0 Dodging
 + Level 11.3 Stealth
 - Level 4.0 Shields
 - Level 5.0 Spellcasting
 + Level 12.8 Hexes
 - Level 5.0 Transmutations
 - Level 5.0 Ice Magic
 - Level 5.0 Earth Magic


You had 3 spell levels left.
You knew the following spells:

 Your Spells              Type           Power      Damage    Failure   Level
x - Tukima's Dance        Hex            58%        N/A       1%          3
y - Dazzling Flash        Conj/Hex       66%        N/A       5%          3
z - Ensorcelled Hibernat  Hex/Ice        88%        N/A       1%          2
G - Silence               Hex/Air        16%        N/A       45%         5
N - Passwall              Tmut/Erth      22%        N/A       4%          2
Z - Confusing Touch       Hex            58%        N/A       1%          3

Your spell library contained the following spells:

 Spells                   Type           Power      Damage    Failure   Level
 Slow                     Hex            100%       N/A       1%          1
 Freeze                   Ice            100%       1d10      3%          1
 Frozen Ramparts          Ice            54%        1d9       10%         3
 Apportation              Tloc           10%        N/A       26%         1
 Foxfire                  Conj/Fire      20%        2x1d5     26%         1
 Necrotise                Necr           20%        1d5       26%         1
 Summon Small Mammal      Summ           20%        N/A       26%         1
 Hailstorm                Conj/Ice       16%        3d6       28%         3
 Swiftness                Air            5%         N/A       61%         3
 Vampiric Draining        Necr           5%         2d6       61%         3
 Animate Armour           Summ/Erth      32%        N/A       67%         4
 Blade Hands              Tmut           13%        N/A       67%         5
 Agony                    Necr           5%         N/A       100%        5
 Fireball                 Conj/Fire      2%         3d4       100%        5
 Iron Shot                Conj/Erth      8%         9d3       100%        6
 Plasma Beam              Fire/Air       2%         2x1d14    100%        6
 Starburst                Conj/Fire      2%         6d3       100%        6
 Malign Gateway           Summ/Tloc      2%         N/A       100%        7
 Summon Horrible Things   Summ           2%         N/A       100%        8


Dungeon Overview and Level Annotations

Branches:
Dungeon (13/15)            Temple (1/1) D:6            Lair (0/5) D:11
    Orc (0/2) D:12         Bailey (visited)
 Vaults: D:13-14

Altars:
Ashenzari
Cheibriados
Dithmenos
Fedhas
Gozag
Hepliaklqana
Kikubaaqudgha
Makhleb
Nemelex Xobeh
Okawaru
Qazlal
Ru
Sif Muna
Trog
Uskayaw
Vehumet
Wu Jian
Xom
Yredelemnul

Shops:
D:6 *   D:7 *   D:8 *

Annotations:
D:11 2 transporters, liarliar's ghost, journeyman DESu
Temple 2 transporters


Innate Abilities, Weirdness & Mutations

You do not regenerate when monsters are visible.
You are frail without blood (-20% HP).
You can heal yourself when you bite living creatures.
You are immune to poison.
You have razor-sharp teeth.
You have supernaturally acute eyesight. (SInv)
You are afflicted with vampirism and can become a bat while bloodless.


Message History

Press: ? - help, Dir - look around, f - activate The orc wizard is dazzled.
The orc is dazzled.
The orc closely misses you.
The orc wizard hits you but does no damage.
The orc unwields a +0 club.
The orc wields a +0 arbalest.
The orc shoots a bolt.
The bolt barely misses the orc.
You block the bolt. You block the howler monkey's attack.
Press: ? - help, Dir - look around, f - activate The orc wizard is dazzled.
The orc is dazzled. x2
You block the orc wizard's attack. The orc wizard closely misses you.
The howler monkey closely misses you.
The orc shoots a bolt.
The bolt barely misses you.
The bolt closely misses the orc wizard.
You lunge at the orc.
You hit the orc but do no damage.
You spin and attack the howler monkey repeatedly.
You hit the howler monkey. You puncture the howler monkey!
You kill the howler monkey!
The Council accepts your kill.
You spin and attack the orc wizard.
You hit the orc wizard but do no damage.
You bite the orc wizard.
You draw the orc wizard's blood!
You spin and attack the orc.
You hit the orc.
You kill the orc!
The Council accepts your kill.
The orc wizard hits you but does no damage.
The orc unwields a +0 arbalest.
The orc wields a +0 club.
The orc barely misses you.
You spin and attack the orc wizard.
You barely miss the orc wizard.
The orc wizard hits you with a +2 dagger of draining.
Press: ? - help, Shift-Dir - straight line, f - orc wizard
Aim: an orc wizard, wielding a +2 dagger of draining and wearing a +0 robe (lightly wounded, chance to affect: 68%)
The orc wizard looks drowsy...
The helpless orc wizard fails to defend itself.
You bite the orc wizard, and draw its blood!
You feel better.
You stick the orc wizard like a pincushion!!!
You kill the orc wizard!
The Council accepts your kill.
You lunge at the orc.
You hit the orc.
You lunge at the orc, in a flurry of attacks.
You hit the orc. You bite the orc, but do no damage. You hit the orc.
You bite the orc.
You kill the orc!
The Council accepts your kill.
You see here a howler monkey corpse.
Things that are here:
a +2 dagger of draining; a +0 robe; an orc corpse You hit the orc wizard.
A +7 long sword comes into view.
The orc wizard is no longer blind.
The orc wizard closely misses you.
Press: ? - help, Shift-Dir - straight line, f - orc wizard
Aim: an orc wizard, wielding a +0 dagger and wearing a +0 robe (lightly wounded, chance to affect: 68%)
The orc wizard looks drowsy...
The helpless orc wizard fails to defend itself.
You bite the orc wizard, and draw its blood!
You stick the orc wizard like a pincushion!!!
You kill the orc wizard!
The Council accepts your kill.
Aim the phial where?
Press: ? - help, Shift-Dir - straight line, f - +7 long sword
Aim: a +7 long sword The torrent of water hits the +7 long sword.
The +7 long sword is knocked back by the torrent of water.
The wave splashes down.
The +7 long sword hits you.
You spin and attack the +7 long sword.
You closely miss the +7 long sword.
The +7 long sword hits you but does no damage.
You hit the +7 long sword but do no damage.
The +7 long sword closely misses you.
You hit the +7 long sword but do no damage.
The +7 long sword hits you! The +7 long sword closely misses you.
Unknown command.
You can't see any susceptible monsters within range! (Use Z to cast anyway.) Unknown command.
Unknown command.
Your hands begin to glow red.
The +7 long sword hits you but does no damage.
You barely miss the +7 long sword.
You bite the +7 long sword, but do no damage.
The +7 long sword hits you!
You hit the +7 long sword but do no damage.
The +7 long sword is completely immune to your confusing touch!
Your hands stop glowing.
The +7 long sword hits you!
You hit the +7 long sword but do no damage.
Your bite misses the +7 long sword. The +7 long sword hits you!
* * * LOW HITPOINT WARNING * * *
The +7 long sword misses you.
You hit the +7 long sword but do no damage.
As you read the scroll of teleportation {@r4}, it crumbles to dust.
You feel strangely unstable. The +7 long sword hits you.
* * * LOW HITPOINT WARNING * * *
The +7 long sword hits you.
* * * LOW HITPOINT WARNING * * *
You hit the +7 long sword. Your bite misses the +7 long sword.
The +7 long sword hits you.
* * * LOW HITPOINT WARNING * * *
You hit the +7 long sword. You bite the +7 long sword.
The +7 long sword closely misses you.
You hit the +7 long sword. The +7 long sword hits you!!
You die...

#........ ## #.#.....#
#.####......### ##.............
#.. #............## #
#..##.............#/#
#..#................
#..#.......)........
#...#...†)..@..##.
#....).....(.......
#.......)...~......
#........?......... .#
##....................
...##...#########................
#......# ####............
###....## #............. ##.....#
#.............


You could see a +7 long sword.

Vanquished Creatures
  Erolcha (D:11)
  Fannar (D:11)
  Harold (D:10)
  A boulder beetle (D:11)
  3 two-headed ogres
  An orc knight (Bailey)
  2 ugly things
  Joseph (D:10)
  9 centaur zombies (D:11)
  Maggie (D:8)
  A gargoyle (D:13)
  A komodo dragon (D:12)
  A troll (D:10)
  Prince Ribbit (D:8)
  3 meliai zombies (D:11)
  3 slime creatures (D:9)
  4 wyverns
  7 vampires (D:11)
  29 yaks
  2 wraiths
  8 shadows
  A basilisk (D:11)
  3 vampire mosquitoes (D:11)
  3 water moccasins (D:11)
  2 acid dragons
  2 ice beasts
  2 black bears
  7 orc warriors
  3 ogres
  5 centaurs
  A phantom (D:6)
  Blork the orc (D:6)
  4 bullfrogs
  6 kobold brigands
  A scorpion (D:5)
  17 wights
  14 killer bees
  6 howler monkeys
  2 hounds
  A jelly (D:7)
  7 orc priests
  A gnoll bouda (D:8)
  3 sleepcaps
  A boggart zombie (D:11)
  4 iguanas
  13 orc wizards
  A mummy (D:4)
  16 gnolls
  4 adders
  2 shadow imps
  An ufetubus (D:5)
  2 worms (D:2)
  3 dart slugs
  46 orcs
  6 ball pythons
  5 endoplasms
  5 giant cockroaches
  7 goblins
  4 hobgoblins
  4 jackals
  25 kobolds
  6 bats
  5 rats
333 creatures vanquished.

Vanquished Creatures (collateral kills)
  2 centaurs (D:11)
2 creatures vanquished.

Vanquished Creatures (others)
  2 dancing weapons (D:11)
  2 centaurs (D:11)
  An orc (D:12)
  2 bushes (D:11)
  9 fungi (D:11)
  22 plants (D:11)
  7 withered plants (D:11)
45 creatures vanquished.

Grand Total: 380 creatures vanquished

Notes
Turn   | Place    | Note
-------+----------+-------------------------------------------
     0 | D:1      | domi the Vampire Enchanter began the quest for the Orb.
     0 | D:1      | Reached XP level 1. HP: 13/13 MP: 3/3
   245 | D:1      | Reached skill level 5 in Stealth
   318 | D:1      | Reached XP level 2. HP: 19/19 MP: 5/5
   321 | D:1      | Learned a level 2 spell: Ensorcelled Hibernation
   907 | D:2      | Reached skill level 5 in Hexes
   931 | D:2      | Gained mutation: You are afflicted with vampirism and can
                  | become a bat while bloodless. [Vampire growth]
   931 | D:2      | Reached XP level 3. HP: 24/24 MP: 6/6
  1035 | D:2      | Learned a level 3 spell: Confusing Touch
  1176 | D:2      | Reached skill level 6 in Stealth
  1816 | D:3      | Found a faded altar of an unknown god.
  2219 | D:4      | Noticed a bullfrog
  2589 | D:4      | Noticed an ogre
  2638 | D:3      | Reached XP level 4. HP: 30/30 MP: 5/7
  2796 | D:3      | Reached skill level 7 in Stealth
  2834 | D:4      | Killed an ogre
  2835 | D:4      | Reached skill level 8 in Stealth
  2835 | D:4      | Reached skill level 6 in Hexes
  2835 | D:4      | Reached XP level 5. HP: 14/35 MP: 8/8
  2911 | D:4      | Learned a level 3 spell: Tukima's Dance
  2939 | D:4      | Reached skill level 9 in Stealth
  2939 | D:4      | Reached XP level 6. HP: 41/41 MP: 9/9
  3399 | D:4      | Found a shimmering altar of Xom.
  3594 | D:4      | Reached skill level 7 in Hexes
  3778 | D:5      | Entered Level 5 of the Dungeon
  3951 | D:5      | Reached skill level 10 in Stealth
  4263 | D:5      | Reached skill level 1 in Ice Magic
  4297 | D:5      | Reached XP level 7. HP: 20/46 MP: 8/10
  4536 | D:5      | HP: 11/46 [black bear (6)]
  4540 | D:5      | Reached skill level 8 in Hexes
  4540 | D:5      | Reached skill level 2 in Ice Magic
  4979 | D:6      | Reached skill level 3 in Ice Magic
  5055 | D:6      | Found a staircase to the Ecumenical Temple.
  5062 | Temple   | Entered the Ecumenical Temple
  5062 | Temple   | Found a transporter.
  5062 | Temple   | Found a transporter.
  5064 | Temple   | Found a transporter.
  5064 | Temple   | Found a transporter.
  5085 | Temple   | Became a worshipper of the Wu Jian Council
  5141 | D:6      | Reached skill level 9 in Hexes
  5378 | D:6      | Found Zebbuissae's Lightly-Used Armoury.
  5504 | D:6      | Reached skill level 4 in Ice Magic
  5504 | D:6      | Reached XP level 8. HP: 52/52 MP: 9/11
  5627 | D:6      | Noticed Blork the orc
  5656 | D:6      | Killed Blork the orc
  5657 | D:6      | Reached skill level 10 in Hexes
  5949 | D:6      | Found a hazy altar of Hepliaklqana.
  5995 | D:6      | Reached skill level 5 in Ice Magic
  6165 | D:7      | Reached skill level 2 in Short Blades
  6193 | D:7      | Reached skill level 3 in Spellcasting
  6237 | D:7      | Reached skill level 3 in Short Blades
  6396 | D:7      | Reached * piety under Wu Jian
  6480 | D:7      | Reached skill level 4 in Short Blades
  6732 | D:7      | Found Reiceh's General Store.
  6797 | D:8      | Reached skill level 1 in Armour
  6860 | D:8      | Reached skill level 4 in Spellcasting
  6860 | D:8      | Reached XP level 9. HP: 36/57 MP: 3/15
  6880 | D:8      | Reached skill level 2 in Armour
  6880 | D:8      | Reached skill level 3 in Dodging
  6880 | D:8      | Noticed Maggie
  6894 | D:8      | Killed Maggie
  6894 | D:8      | HP: 13/57 [ice beast (3)]
  6894 | D:8      | HP: 5/57 [killer bee (2)]
  6900 | D:8      | Reached skill level 3 in Armour
  6903 | D:8      | Reached skill level 5 in Short Blades
  7117 | D:8      | Found Pufrulos's General Store.
  7146 | D:8      | HP: 14/57 [poisoned by a killer bee]
  7155 | D:8      | Reached skill level 4 in Dodging
  7236 | D:8      | Learned a level 3 spell: Dazzling Flash
  7462 | D:8      | Found a hide-covered altar of Uskayaw.
  7564 | D:8      | Noticed Prince Ribbit
  7570 | D:8      | Killed Prince Ribbit
  7571 | D:8      | Reached skill level 4 in Armour
  7647 | D:8      | Reached skill level 5 in Spellcasting
  7817 | D:8      | Reached ** piety under Wu Jian
  8035 | D:9      | Reached skill level 6 in Short Blades
  8035 | D:9      | Reached skill level 5 in Dodging
  8058 | D:9      | Killed a large slime creature
  8059 | D:9      | Reached skill level 5 in Armour
  8059 | D:9      | Reached XP level 10. HP: 63/63 MP: 17/17
  8395 | D:9      | Reached skill level 6 in Armour
  8395 | D:9      | Reached skill level 6 in Dodging
  8492 | D:9      | Reached skill level 7 in Short Blades
  8556 | D:9      | Identified the +4 scale mail "Qejuesm" {rC- Regen+ Int+5}
  8728 | D:9      | HP: 14/59 [poisoned by a wight]
  9035 | D:9      | HP: 12/62 [yak (4)]
  9221 | D:9      | Reached skill level 7 in Armour
  9247 | D:9      | Reached skill level 7 in Dodging
  9390 | D:10     | Entered Level 10 of the Dungeon
  9523 | D:10     | Identified a scroll of acquirement
  9523 | D:10     | Acquired the +3 pair of seven-league boots {Rampage+∞}
  9523 | D:10     | Found the +3 pair of seven-league boots {Rampage+∞}
  9549 | D:10     | Reached XP level 11. HP: 66/68 MP: 15/18
  9659 | D:10     | Found a flagged portal.
  9687 | D:10     | Reached *** piety under Wu Jian
  9688 | D:10     | Reached skill level 1 in Shields
  9690 | D:10     | Noticed Joseph
  9719 | D:10     | Killed Joseph
  9720 | D:10     | Reached skill level 8 in Short Blades
  9735 | Bailey   | Entered a bailey
  9957 | Bailey   | Noticed an orc knight
  9964 | Bailey   | Killed an orc knight
  9965 | Bailey   | Reached skill level 2 in Shields
 10072 | Bailey   | Learned a level 2 spell: Passwall
 10158 | D:10     | Noticed Harold
 10162 | D:10     | Killed Harold
 10213 | D:10     | Reached skill level 1 in Transmutations
 10499 | D:10     | Reached skill level 1 in Earth Magic
 10535 | D:10     | Reached skill level 8 in Armour
 10604 | D:11     | Noticed a two-headed ogre
 10609 | D:11     | Killed a two-headed ogre
 10622 | D:11     | Found a transporter.
 10623 | D:11     | Noticed liarliar's ghost (journeyman DESu)
 10637 | D:11     | Noticed a harpy
 10637 | D:11     | a harpy changed into a salamander
 10675 | D:11     | Noticed a boulder beetle
 10696 | D:11     | Reached skill level 2 in Transmutations
 10724 | D:11     | Killed a boulder beetle
 10725 | D:11     | Reached skill level 8 in Dodging
 10725 | D:11     | Reached skill level 3 in Shields
 10725 | D:11     | Reached skill level 2 in Earth Magic
 10728 | D:11     | Reached **** piety under Wu Jian
 10791 | D:11     | HP: 10/54 [vampire (8)]
 10922 | D:11     | Reached skill level 3 in Transmutations
 10932 | D:11     | Reached skill level 3 in Earth Magic
 11380 | D:11     | Reached skill level 4 in Shields
 11380 | D:11     | Reached skill level 4 in Transmutations
 11535 | D:11     | Reached skill level 4 in Earth Magic
 11579 | D:11     | Noticed a cyan ugly thing
 11608 | D:11     | HP: 9/54 [vampire mosquito (7)]
 11611 | D:11     | HP: 3/54 [vampire mosquito (6)]
 11905 | D:11     | Reached skill level 9 in Dodging
 11907 | D:11     | Reached XP level 12. HP: 33/59 MP: 19/19
 11972 | D:11     | HP: 9/59 [centaur/arrow (7)]
 11977 | D:11     | HP: 11/59 [centaur/+0 trident (3)]
 11977 | D:11     | HP: 5/59 [centaur/+0 trident (6)]
 11981 | D:11     | HP: 1/59 [centaur/arrow (11)]
 12184 | D:11     | Found a transporter.
 12229 | D:11     | Noticed a two-headed ogre
 12234 | D:11     | Noticed Fannar
 12235 | D:11     | a two-headed ogre changed into a skyshark
 12329 | D:11     | Reached skill level 5 in Transmutations
 12441 | D:11     | Reached skill level 1 in Fighting
 12491 | D:11     | Reached skill level 5 in Earth Magic
 12551 | D:11     | Reached skill level 2 in Fighting
 12551 | D:11     | Reached skill level 11 in Hexes
 12557 | D:11     | Learned a level 5 spell: Silence
 12598 | D:11     | Killed Fannar
 12746 | D:11     | Found a staircase to the Lair.
 13108 | D:11     | Noticed a two-headed ogre
 13124 | D:11     | Noticed a two-headed ogre
 13200 | D:11     | Noticed Erolcha
 13212 | D:11     | Reached skill level 10 in Dodging
 13227 | D:11     | Reached skill level 3 in Fighting
 13247 | D:11     | Killed Erolcha
 13247 | D:11     | Reached ***** piety under Wu Jian
 13322 | D:11     | Reached skill level 12 in Hexes
 13555 | D:12     | Noticed a two-headed ogre
 13556 | D:12     | Noticed a two-headed ogre
 13562 | D:12     | Killed a two-headed ogre
 13563 | D:12     | Reached skill level 4 in Fighting
 13610 | D:12     | Killed a two-headed ogre
 13745 | D:12     | Found a staircase to the Orcish Mines.
 13802 | D:12     | Reached skill level 11 in Stealth
 14053 | D:12     | HP: 5/67 [cyan ugly thing (15)]
 14832 | D:12     | Found a staircase to the Orcish Mines.
 15072 | D:13     | Noticed a boulder beetle
 15116 | D:13     | HP: 16/68 [+7 long sword (14)]
 15119 | D:13     | HP: 6/68 [+7 long sword (3)]
 15121 | D:13     | Demolished by a +7 long sword

Illustrated notes

Levels and vault maps discovered:
D:1:      onia_arrival_pyramid, layout_loops_ring
D:2:      layout_basic, minmay_diced_spiral
D:3:      layout_loops_ring, ebering_ecumenical_altar_mist,
          minmay_misc_feat_pillars
D:4:      layout_layer_cave, kennysheep_mini, gup_ossuary_entry_pyramid,
          chequers_serial_rivers_micro_d
D:5:      layout_loops_corners, hellmonk_bongcloud_opening
D:6:      layout_basic, nzn_hepliaklqana_mist_gate,
          minmay_temple_entry_drinking_statues, grunt_decor_clamped,
          small_statue_intersection, minmay_shop_damaged, uniq_blork_the_orc
D:7:      layout_basic, serial_shops, shop_coins
D:8:      layout_basic, nicolae_uskayaw_murder_on_the_dancefloor, serial_shops,
          shop_fountains, uniq_prince_ribbit1, uniq_maggie
D:9:      layout_roguey
D:10:     layout_basic, enter_bailey_5, kennysheep_doodads, uniq_harold,
          uniq_joseph
D:11:     layout_irregular_city, minmay_lair_entry_grove, gammafunk_ghost_arena,
          serial_undead, serial_undead_d, serial_undead_c, serial_undead_a,
          serial_undead_b, serial_undead_a, serial_undead_e,
          kennysheep_flooded_box, uniq_erolcha, uniq_fannar
D:12:     layout_gridville, david_orc_4
D:13:     layout_cave_pods, erik_vaults_1, serial_shops,
          nicolae_shop_just_a_little_nook
Temple:   hellmonk_temple_divided_pantheon

Skill      XL: |  1  2  3  4  5  6  7  8  9 10 11 12 |
---------------+-------------------------------------+-----
Stealth        | 5 6 8 9 10 11 | 11.3
Hexes          | 5 6 7 9 10 12 | 12.8
Ice Magic      | 1 4 5 |  5.0
Short Blades   | 4 6 7 8 |  8.0
Spellcasting   | 4 5 |  5.0
Armour         | 1 5 7 8 |  8.0
Dodging        | 5 7 9 10 | 10.0
Shields        | 4 |  4.0
Transmutations | 4 5 |  5.0
Earth Magic    | 4 5 |  5.0
Fighting       | 4 |  4.8

Action                     |  1- 3 |  4- 6 |  7- 9 | 10-12 || total
---------------------------+-------+-------+-------+-------++-------
  Melee: Dagger            |    30 |       |       |       ||    30
         Bite              |     9 |    10 |    21 |   162 ||   202
         Short sword       |   106 |    83 |   326 |   993 ||  1508
         Punch             |     1 |     2 |     2 |    11 ||    16
   Cast: Ensorcelled Hiber |     8 |    12 |    48 |    95 ||   163
         Confusing Touch   |       |     3 |     7 |    48 ||    58
         Dazzling Flash    |       |       |    14 |    39 ||    53
         Tukima's Dance    |       |       |       |     6 ||     6
Ability: Lunge             |       |       |    31 |    82 ||   113
         Whirlwind         |       |       |    74 |   158 ||   232
         Exsanguinate      |       |       |       |     1 ||     1
  Evoke: Wand              |       |       |     1 |     6 ||     7
         Phial of floods   |       |       |       |     1 ||     1
    Use: Scroll            |     7 |     2 |       |    12 ||    21
         Potion            |       |     1 |     3 |     6 ||    10
   Stab: Sleeping          |    19 |     8 |    40 |    82 ||   149
         Distracted        |     1 |     2 |     1 |     2 ||     6
         Confused          |       |     2 |     5 |    63 ||    70
         Invisible         |       |       |    21 |    35 ||    56
         Paralysed         |       |       |       |     1 ||     1
 Armour: Robe              |    26 |    14 |    25 |       ||    65
         Acid dragon scale |       |       |    75 |   237 ||   312
  Dodge: Dodged            |    74 |    51 |   210 |   458 ||   793
  Block: Buckler           |     1 |       |       |    92 ||    93

Table legend: (Time is in decaauts)
 A = Elapsed time spent in this place.
 B = Non-inter-level travel time spent in this place.
 C = Inter-level travel time spent in this place.
 D = Time resting spent in this place.
 E = Time spent auto-exploring this place.
 F = Levels seen in this place.
 G = Mean time per level.
                   A        B        C        D        E       F      G
               +--------+--------+--------+--------+--------+-----+--------+
         Total |  14862 |  14440 |    422 |   2387 |   9095 |  15 |  990.8 |
       Dungeon |  14484 |  14062 |    422 |   2370 |   8891 |  13 | 1114.2 |
        Temple |     40 |     40 |      0 |      0 |      6 |   1 |   40.0 |
        Bailey |    336 |    336 |      0 |     17 |    198 |   1 |  336.0 |
               +--------+--------+--------+--------+--------+-----+--------+

Top non-repeatable levels by time:
    D:11: 2726 daAuts
     D:9: 1583 daAuts
     D:4: 1476 daAuts
    D:12: 1243 daAuts
     D:6: 1114 daAuts
     D:5: 1097 daAuts
     D:8: 1076 daAuts
    D:10: 998 daAuts
     D:1: 833 daAuts
     D:2: 793 daAuts
     D:7: 728 daAuts
     D:3: 674 daAuts
  Bailey: 336 daAuts
    D:13: 138 daAuts
  Temple: 40 daAuts

Levels and vault maps discovered:
D:1:      onia_arrival_pyramid, layout_loops_ring
D:2:      layout_basic, minmay_diced_spiral
D:3:      layout_loops_ring, ebering_ecumenical_altar_mist,
          minmay_misc_feat_pillars
D:4:      layout_layer_cave, kennysheep_mini, gup_ossuary_entry_pyramid,
          chequers_serial_rivers_micro_d
D:5:      layout_loops_corners, hellmonk_bongcloud_opening
D:6:      layout_basic, nzn_hepliaklqana_mist_gate,
          minmay_temple_entry_drinking_statues, grunt_decor_clamped,
          small_statue_intersection, minmay_shop_damaged, uniq_blork_the_orc
D:7:      layout_basic, serial_shops, shop_coins
D:8:      layout_basic, nicolae_uskayaw_murder_on_the_dancefloor, serial_shops,
          shop_fountains, uniq_prince_ribbit1, uniq_maggie
D:9:      layout_roguey
D:10:     layout_basic, enter_bailey_5, kennysheep_doodads, uniq_harold,
          uniq_joseph
D:11:     layout_irregular_city, minmay_lair_entry_grove, gammafunk_ghost_arena,
          serial_undead, serial_undead_d, serial_undead_c, serial_undead_a,
          serial_undead_b, serial_undead_a, serial_undead_e,
          kennysheep_flooded_box, uniq_erolcha, uniq_fannar
D:12:     layout_gridville, david_orc_4
D:13:     layout_cave_pods, erik_vaults_1, serial_shops,
          nicolae_shop_just_a_little_nook
Temple:   hellmonk_temple_divided_pantheon

Table legend: (Time is in decaauts)
 A = Elapsed time spent in this place.
 B = Non-inter-level travel time spent in this place.
 C = Inter-level travel time spent in this place.
 D = Time resting spent in this place.
 E = Time spent auto-exploring this place.
 F = Levels seen in this place.
 G = Mean time per level.
                   A        B        C        D        E       F      G
               +--------+--------+--------+--------+--------+-----+--------+
         Total |  14862 |  14440 |    422 |   2387 |   9095 |  15 |  990.8 |
       Dungeon |  14484 |  14062 |    422 |   2370 |   8891 |  13 | 1114.2 |
        Temple |     40 |     40 |      0 |      0 |      6 |   1 |   40.0 |
        Bailey |    336 |    336 |      0 |     17 |    198 |   1 |  336.0 |
               +--------+--------+--------+--------+--------+-----+--------+

Top non-repeatable levels by time:
    D:11: 2726 daAuts
     D:9: 1583 daAuts
     D:4: 1476 daAuts
    D:12: 1243 daAuts
     D:6: 1114 daAuts
     D:5: 1097 daAuts
     D:8: 1076 daAuts
    D:10: 998 daAuts
     D:1: 833 daAuts
     D:2: 793 daAuts
     D:7: 728 daAuts
     D:3: 674 daAuts
  Bailey: 336 daAuts
    D:13: 138 daAuts
  Temple: 40 daAuts

Table legend:
 A = Kills in this place as a percentage of kills in the entire game.
 B = Kills by you in this place as a percentage of kills by you in the entire game.
 C = Kills by friends in this place as a percentage of kills by friends in the entire game.
 D = Other kills in this place as a percentage of other kills in the entire game.
 E = Experience gained in this place as a percentage of experience gained in the entire game.
 F = Experience gained in this place divided by the number of levels of this place that you have seen.
                   A       B       C       D       E      F
               +-------+-------+-------+-------+-------+----------------------
         Total | 100.0 | 100.0 | 100.0 | 100.0 | 100.0 | 2393.6
       Dungeon |  92.3 |  92.1 | 100.0 | 100.0 |  97.6 | 2695.3
        Bailey |   7.7 |   7.9 |   0.0 |   0.0 |   2.4 | 865.0
               +-------+-------+-------+-------+-------+----------------------
